 Dungeon Crawl Stone Soup version 0.30-a0-187-gd9c2deaf24 (webtiles) character file.

Game seed: 14966603681336927539

29 spaghetti the Protected (level 3, 0/28 HPs)
             Began as a Gnoll Wanderer on Oct 3, 2022.
             Slain by a gnoll
             ... wielding a +0 whip
              (2 damage)
             ... on level 1 of the Dungeon.
             The game lasted 00:01:51 (621 turns).

spaghetti the Protected (Gnoll Wanderer)             Turns: 621, Time: 00:01:52

Health: 0/28       AC: 17    Str: 14    XL:     3   Next: 16%
Magic:  4/4        EV: 10    Int: 13    God:
Gold:   55         SH:  0    Dex:  8    Spells: 3/3 levels left

rFire   . . .      SeeInvis .    i - +2 short sword (protect) {short}
rCold   . . .      Faith    .    (no shield)
rNeg    . . .      Spirit   .    b - +2 scale mail
rPois   .          Reflect  .    (no helmet)
rElec   .          Harm     .    (no cloak)
rCorr   .          Rampage  .    (no gloves)
Will    .....                    (no boots)
Stlth   ..........               (no amulet)
HPRegen 0.24/turn                (no ring)
MPRegen 0.09/turn                (no ring)

@: under a protective aura
A: fangs 1, strong nose, distributed training
a: no special abilities


You were on level 1 of the Dungeon.
You visited 1 branch of the dungeon, and saw 1 of its levels.

You collected 55 gold pieces.


Innate Abilities, Weirdness & Mutations

You have very sharp teeth.
Your uncanny sense of smell can sniff out nearby items.
Your experience applies equally to all skills.


   Skills:
 + Level 2.6 Fighting
 + Level 0.7 Short Blades
 + Level 0.7 Long Blades
 + Level 0.7 Axes
 + Level 2.6 Maces & Flails
 + Level 0.7 Polearms
 + Level 0.7 Staves
 + Level 0.7 Ranged Weapons
 + Level 4.5 Throwing
 + Level 8.5 Armour
 + Level 2.6 Dodging
 + Level 0.7 Stealth
 + Level 0.7 Shields
 + Level 0.7 Unarmed Combat
 + Level 0.7 Spellcasting
 + Level 0.5 Conjurations
 + Level 0.5 Hexes
 + Level 0.5 Summonings
 + Level 0.5 Necromancy
 + Level 0.5 Translocations
 + Level 0.5 Transmutations
 + Level 0.5 Fire Magic
 + Level 0.5 Ice Magic
 + Level 0.5 Air Magic
 + Level 0.5 Earth Magic
 + Level 0.5 Poison Magic
 + Level 0.9 Invocations
 + Level 2.6 Evocations


You had 3 spell levels left.
You didn't know any spells.
Your spell library was empty.

Inventory:

Hand Weapons
 a - a +0 mace {mace}
 d - a +0 dagger {short}
 i - a +2 short sword of protection (weapon) {short}
   (You found it on level 1 of the Dungeon)
Missiles
 c - 8 poisoned darts (quivered) {throwing}
 g - 6 stones {throwing}
Armour
 b - a +2 scale mail (worn)
Scrolls
 f - a scroll of blinking {unknown}
 h - a scroll of brand weapon {unknown}
 j - a scroll of enchant armour {unknown}
 k - a scroll of summoning {unknown}
Potions
 e - a potion of magic

Dungeon Overview and Level Annotations

Branches:
Dungeon (1/15) Zot: 5364

Altars:

Annotations:
D:1 1 exclusion

†# #.#.## .#### #....###
....# ###....# .##.#
##.#.# #### ## .##.#
#.#†##... ... .##.###
##....#.# .. ###...#
#.......#.#
).....##....##.#....#
###...##....#.##@.#.....
.....##.....## #gK..####
####.# ... #...>....
..b#.# ?.. ..?.....#
...#.# ........# b# .#
.........# b# .#
.........# ##
..........#


You could see a gnoll and a kobold.


Message History

The jackal bites you but does no damage.
You closely miss the jackal. Your bite misses the jackal.
The jackal barely misses you. The gnoll barely misses you.
An endoplasm comes into view.
The jackal bites you but does no damage.
The jackal barely misses you.
The endoplasm quivers.
You hit the jackal but do no damage. You bite the jackal, but do no damage.
The jackal barely misses you. The gnoll barely misses you.
The jackal bites you but does no damage. x2
You barely miss the jackal. The jackal barely misses you.
The gnoll closely misses you. The jackal barely misses you.
The jackal closely misses you.
You barely miss the jackal. The gnoll hits you but does no damage.
The jackal closely misses you. x2 😕 HP[+1]
You barely miss the jackal. The jackal closely misses you.
The gnoll hits you but does no damage. The jackal barely misses you. x2
You closely miss the jackal. Your punch misses the jackal.
The jackal barely misses you. The gnoll hits you but does no damage.
The jackal bites you but does no damage.
The jackal closely misses you.
You miss the jackal. You bite the jackal.
You kill the jackal!
The gnoll hits you but does no damage.
The jackal bites you but does no damage.
You barely miss the jackal. The jackal closely misses you.
The gnoll hits you with a +0 whip. The jackal barely misses you. 😕 HP[-4]
You take 4 damage, and now have 23/28 hp.
You closely miss the jackal. The gnoll barely misses you.
The endoplasm barely misses you.
The jackal bites you but does no damage.
You closely miss the jackal. The gnoll hits you but does no damage.
The endoplasm closely misses you. The jackal barely misses you.
You miss the jackal.
The jackal bites you but does no damage.
The gnoll hits you with a +0 whip!
The endoplasm hits you but does no damage.
The jackal closely misses you. 😮 HP[-7]
You take 7 damage, and now have 16/28 hp.
MASSIVE DAMAGE!! (PAUSE)
You completely miss the endoplasm. The gnoll barely misses you.
The endoplasm hits you. The jackal closely misses you.
You hit the endoplasm.
Your weapon exudes an aura of protection.
The gnoll hits you with a +0 whip.
* * * LOW HITPOINT WARNING * * *
The endoplasm closely misses you. The jackal barely misses you. 😨 HP[-2]
You take 2 damage, and now have 14/28 hp.
You hit the endoplasm.
You kill the endoplasm!
The jackal bites you but does no damage.
The gnoll hits you but does no damage. The jackal barely misses you.
You hit the jackal. The gnoll completely misses you.
The jackal barely misses you.
You barely miss the jackal. The jackal closely misses you.
The gnoll hits you with a +0 whip.
* * * LOW HITPOINT WARNING * * *
The jackal bites you but does no damage. 😨 HP[-3]
You take 3 damage, and now have 11/28 hp.
You closely miss the jackal. The gnoll hits you with a +0 whip.
* * * LOW HITPOINT WARNING * * *
The jackal closely misses you. 😨 HP[-1]
You take 1 damage, and now have 10/28 hp.
You closely miss the jackal. The gnoll barely misses you.
The jackal closely misses you.
You barely miss the jackal. The jackal misses you.
The gnoll completely misses you.
The jackal bites you but does no damage.
You closely miss the jackal. The gnoll hits you with a +0 whip!
* * * LOW HITPOINT WARNING * * *
The jackal completely misses you. 😱 HP[-7]
You take 7 damage, and now have 3/28 hp.
MASSIVE DAMAGE!! (PAUSE) Unknown command.
It was a potion of magic.
Magic courses through your body. The jackal barely misses you.
The gnoll hits you with a +0 whip.
* * * LOW HITPOINT WARNING * * *
The jackal bites you but does no damage. 😱 HP[-2] MP[+1]
You take 2 damage, and now have 1/28 hp.
Your mp is fully restored (4).
You hit the jackal but do no damage.
Your weapon exudes an aura of protection.
The gnoll hits you but does no damage.
The jackal bites you but does no damage.
You hit the jackal. The gnoll hits you but does no damage.
The jackal bites you but does no damage.
You hit the jackal.
You kill the jackal!
The gnoll hits you but does no damage.
You hit the gnoll. Your bite misses the gnoll.
The kobold hits you but does no damage. The gnoll hits you with a +0 whip.
You die...

Action                   || total
-------------------------++-------
Melee: Mace              ||    54
       Bite              ||     7
       Short sword       ||    44
  Use: Scroll            ||     1
       Potion            ||     1
Armor: Scale mail        ||    91
Dodge: Dodged            ||    79

Levels and vault maps discovered:
D:1:      dpeg_arrival_solitude, layout_basic, minivault_19,
          minmay_misc_feat_tiny

Notes
Turn   | Place    | Note
-------+----------+-------------------------------------------
     0 | D:1      | spaghetti the Gnoll Wanderer began the quest for the Orb.
     0 | D:1      | spaghetti set off with the following items: a +0 mace
                  | {mace}, a +2 scale mail, 8 poisoned darts {throwing}, a +0
                  | dagger {short}, a scroll of butterflies.
     0 | D:1      | Reached XP level 1. HP: 17/17 MP: 1/1
     0 | D:1      | magus.rc [v1.9.6]
   258 | D:1      | HP: 2/17 [gnoll/+0 spear (6)]
   291 | D:1      | Reached XP level 2. HP: 13/23 MP: 2/2
   592 | D:1      | Reached XP level 3. HP: 28/28 MP: 3/3
   616 | D:1      | HP: 3/28 [gnoll/+0 whip (8)]
   617 | D:1      | HP: 1/28 [gnoll/+0 whip (2)]
   621 | D:1      | Slain by a gnoll

Vanquished Creatures
  A gnoll (D:1)
  A dart slug (D:1)
  3 ball pythons (D:1)
  2 endoplasms (D:1)
  3 goblins (D:1)
  A hobgoblin (D:1)
  3 jackals (D:1)
  A frilled lizard (D:1)
  A kobold (D:1)
  A rat (D:1)
17 creatures vanquished.

Table legend:
 A = Non-vault XP
 B = Vault XP
 C = Vault XP percentage of total XP
 D = Non-vault monster count
 E = Vault monster count
 F = Vault count percentage of total count
                 A         B        C        D         E       F
            +---------+---------+-------+---------+---------+-------
      Total |      42 |       0 |   0.0 |      17 |       0 |   0.0
            +---------+---------+-------+---------+---------+-------
        D:1 |      42 |       0 |   0.0 |      17 |       0 |   0.0
            +---------+---------+-------+---------+---------+-------

Illustrated notes

Table legend:
 A = Kills in this place as a percentage of kills in entire the game.
 B = Kills by you in this place as a percentage of kills by you in the entire game.
 C = Kills by friends in this place as a percentage of kills by friends in the entire game.
 D = Other kills in this place as a percentage of other kills in the entire game.
 E = Experience gained in this place as a percentage of experience gained in the entire game.
 F = Experience gained in this place divided by the number of levels of this place that you have seen.
                   A       B       C       D       E      F
               +-------+-------+-------+-------+-------+----------------------
         Total | 100.0 | 100.0 |   N/A |   N/A | 100.0 |  42.0
       Dungeon | 100.0 | 100.0 |   N/A |   N/A | 100.0 |  42.0
               +-------+-------+-------+-------+-------+----------------------

Table legend: (Time is in decaauts)
 A = Elapsed time spent in this place.
 B = Non-inter-level travel time spent in this place.
 C = Inter-level travel time spent in this place.
 D = Time resting spent in this place.
 E = Time spent auto-exploring this place.
 F = Levels seen in this place.
 G = Mean time per level.
                   A        B        C        D        E       F      G
               +--------+--------+--------+--------+--------+-----+--------+
         Total |    634 |    634 |      0 |     15 |    445 |   1 |  634.0 |
       Dungeon |    634 |    634 |      0 |     15 |    445 |   1 |  634.0 |
               +--------+--------+--------+--------+--------+-----+--------+

Top non-repeatable levels by time:
     D:1: 634 daAuts
